 Dungeon Crawl Stone Soup version 0.25-a0-404-gc1b5a34292 (webtiles) character file.

Game seed: 12667355239567038094, levelgen mode: deterministic

17 Jerej03 the Conjurer (level 2, 0/11 HPs)
             Began as a Felid Conjurer on Jan 11, 2020.
             Was an Initiate of Qazlal.
             Slain by a hobgoblin (2 damage)
             ... on level 2 of the Dungeon.
             The game lasted 00:07:44 (816 turns).

Jerej03 the Conjurer (Felid Conjurer)                Turns: 816, Time: 00:07:45

Health: 0/11       AC:  1    Str:  4    XL:     2   Next: 44%
Magic:  0/6        EV: 18    Int: 16    God:    Qazlal [......]
Gold:   102        SH:  0    Dex: 16    Spells: 4/5 levels left
                                        Lives:  0   Deaths: 0

rFire    . . .     SeeInvis +   (weapon unavailable)
rCold    . . .     Gourm    .   (shield unavailable)
rNeg     . . .     Faith    .   (armour unavailable)
rPois    .         Spirit   .   (helmet unavailable)
rElec    .         Reflect  .   (cloak unavailable)
rCorr    .         Harm     .   (gloves unavailable)
MR       +....                  (boots unavailable)
Stlth    +++.......             (no amulet)
HPRegen  0.03/turn              c - ring of protection from magic
MPRegen  0.10/turn              (no ring)

@: quick
A: very small, no armour, no weapons or thrown items, stealth, claws 1, fangs 3,
see invisible, carnivore, speed 1, shaggy fur 1, slow metabolism 1, sharp paws
a: Renounce Religion


You were on level 2 of the Dungeon.
You worshipped Qazlal.
Qazlal was noncommittal.
You were completely stuffed.

You visited 1 branch of the dungeon, and saw 2 of its levels.

You collected 102 gold pieces.

Inventory:

Jewellery
 c - a ring of protection from magic (left paw)
Scrolls
 a - 2 scrolls of identify
Potions
 d - a potion of berserk rage
Comestibles
 b - 2 rations


   Skills:
 + Level 2.7 Dodging
 + Level 3.0 Stealth
 + Level 2.1 Spellcasting
 + Level 4.1 Conjurations


You had 4 spell levels left.
You knew the following spells:

 Your Spells              Type           Power        Failure   Level  Hunger
a - Magic Dart            Conj           ##..         3%          1    #......

Your spell library contained the following spells:

 Spells                   Type           Power        Failure   Level  Hunger
 Searing Ray              Conj           ##....       6%          2    ###....
 Dazzling Flash           Conj/Hex       #.....       26%         3    ###....
 Fulminant Prism          Conj/Hex       #.........   65%         4    #####..
 Iskenderun's Mystic Bla  Conj/Tloc      #.......     65%         4    #####..


Dungeon Overview and Level Annotations

Branches:
Dungeon (2/15)

Altars:
Ashenzari
Cheibriados
Qazlal
Yredelemnul


Innate Abilities, Weirdness & Mutations

You cannot wear armour.
You are incapable of wielding weapons or throwing items.
Your paws allow you to move quietly. (Stealth)
You have sharp claws.
You have razor-sharp teeth.
You have supernaturally acute eyesight. (SInv)
You are carnivorous and can eat meat at any time.
You cover ground quickly.
You are covered in fur. (AC +1)
You have a slow metabolism.
Your sharp claws are effective at attacking unaware monsters.


Message History

Aim: a jackal (severely wounded)
The magic dart hits the jackal.
You kill the jackal!
Qazlal accepts your kill.
Your Stealth skill increases to level 3!
The hobgoblin closely misses you.
You scratch the hobgoblin.
The hobgoblin is moderately wounded.
The hobgoblin hits you.
* * * LOW HITPOINT WARNING * * *
You barely miss the hobgoblin.
The hobgoblin is moderately wounded.
The hobgoblin barely misses you.
You barely miss the hobgoblin.
The hobgoblin is moderately wounded.
The hobgoblin misses you.
You scratch the hobgoblin but do no damage.
The hobgoblin is moderately wounded.
The hobgoblin hits you.
You die...

.# #
#####.##...#
#...hw......
#†###.##...#
#.# .# # #w#
.# #.# .#
#g# .# ###@#
.# #...# .#
##.#####.
#........#..
#..####.....
#..# #. #.#
.. #..# #.
#.# #.# #..#
#.##.## #.#
#..# #.##^.#


You could see a worm and a hobgoblin.

Vanquished Creatures
  A bat (D:1)
  2 giant cockroaches (D:1)
  A goblin (D:2)
  A hobgoblin (D:1)
  2 jackals (D:2)
  2 frilled lizards (D:1)
  A kobold (D:1)
  8 rats
18 creatures vanquished.

Notes
Turn   | Place    | Note
-------+----------+-------------------------------------------
     0 | D:1      | Jerej03 the Felid Conjurer began the quest for the Orb.
     0 | D:1      | Reached XP level 1. HP: 7/7 MP: 4/4
   305 | D:1      | Reached XP level 2. HP: 9/11 MP: 4/6
   313 | D:1      | Reached skill level 4 in Conjurations
   698 | D:2      | Found a stormy altar of Qazlal.
   698 | D:2      | Found a basalt altar of Yredelemnul.
   698 | D:2      | Found a snail-covered altar of Cheibriados.
   698 | D:2      | Found a shattered altar of Ashenzari.
   722 | D:2      | Became a worshipper of Qazlal Stormbringer
   816 | D:2      | Slain by a hobgoblin

Levels and vault maps discovered:
D:1:      dpeg_arrival_three_bigger_balls, layout_basic, minmay_rat_gold_closets
D:2:      layout_loops_ring, chequers_temple_overflow_statue_of_worship

Skill      XL: |  1  2 |
---------------+-------+-----
Conjurations   | 4 |  4.1
Stealth        | 3 |  3.0
Dodging        | |  2.7
Spellcasting   | |  2.1

Action                   || total
-------------------------++-------
Melee: Unarmed           ||    20
       Bite              ||     1
 Cast: Magic Dart        ||    23
  Use: Scroll            ||     4
       Potion            ||     2
 Stab: Sleeping          ||     6
  Eat: Chunk             ||     7
Armor: Skin              ||     1
Dodge: Dodged            ||    17

Table legend:
 A = Non-vault XP
 B = Vault XP
 C = Vault XP percentage of total XP
 D = Non-vault monster count
 E = Vault monster count
 F = Vault count percentage of total count
                 A         B        C        D         E       F
            +---------+---------+-------+---------+---------+-------
      Total |      18 |       7 |  28.0 |      11 |       7 |  38.9
            +---------+---------+-------+---------+---------+-------
        D:1 |      11 |       7 |  38.9 |       7 |       7 |  50.0
        D:2 |       7 |       0 |   0.0 |       4 |       0 |   0.0
            +---------+---------+-------+---------+---------+-------
